 Dungeon Crawl Stone Soup version 0.29.1-12-g30fa7ad0bf (webtiles) character file.

Game seed: 3968453463794368570

522 MisterFreud the Covert (level 7, 0/56 HPs)
             Began as a Gnoll Brigand on Dec 25, 2022.
             Was an Initiate of Ru.
             Slain by a kobold brigand
             ... wielding a +0 whip
              (4 damage)
             ... on level 6 of the Dungeon.
             The game lasted 00:05:53 (3944 turns).

MisterFreud the Covert (Gnoll Brigand)              Turns: 3944, Time: 00:05:53

Health: 0/56       AC:  4    Str: 10    XL:     7   Next: 22%
Magic:  10/10      EV: 13    Int: 13    God:    Ru [......]
Gold:   184        SH:  0    Dex: 13    Spells: 10/10 levels left

rFire   . . .      SeeInvis +   a - +2 dagger
rCold   . . .      Faith    .   (no shield)
rNeg    . . .      Spirit   .   b - +0 robe
rPois   .          Reflect  .   (no helmet)
rElec   .          Harm     .   c - +0 cloak
rCorr   .          Rampage  .   j - +0 pair of gloves
Will    .....                   (no boots)
Stlth   ++........              l - amulet of the acrobat
HPRegen 0.18/turn               i - ring of see invisible
MPRegen 0.12/turn               (no ring)

@: confused, ambrosia-drunk
A: fangs 1, strong nose, distributed training
a: Renounce Religion


You were on level 6 of the Dungeon.
You worshipped Ru.
Ru was noncommittal.
You visited 1 branch of the dungeon, and saw 6 of its levels.

You collected 184 gold pieces.

Inventory:

Hand Weapons
 a - a +2 dagger (weapon)
Missiles
 d - 7 poisoned darts (quivered)
 e - 3 curare-tipped darts
Armour
 b - a +0 robe (worn)
 c - a +0 cloak (worn)
 j - a +0 pair of gloves (worn)
Jewellery
 g - an amulet of magic regeneration
 i - a ring of see invisible (left hand)
 l - an amulet of the acrobat (around neck)
 n - an amulet of regeneration
 p - a ring of protection from cold
Scrolls
 k - 2 scrolls of fear
 m - a scroll of magic mapping {unknown}
 t - a scroll of blinking
Potions
 h - 2 potions of magic
 o - a potion of heal wounds {unknown}
 q - 2 potions of haste {unknown}
 r - 2 potions of ambrosia
 s - a potion of lignification {unknown}


   Skills:
 + Level 5.2 Fighting
 + Level 5.2 Short Blades
 + Level 2.4 Long Blades
 + Level 2.4 Axes
 + Level 2.4 Maces & Flails
 + Level 2.4 Polearms
 + Level 2.4 Staves
 + Level 2.4 Ranged Weapons
 + Level 5.2 Throwing
 + Level 2.4 Armour
 + Level 3.6 Dodging
 + Level 8.2 Stealth
 + Level 2.4 Shields
 + Level 2.4 Unarmed Combat
 + Level 2.4 Spellcasting
 + Level 2.0 Conjurations
 + Level 2.0 Hexes
 + Level 2.0 Summonings
 + Level 2.0 Necromancy
 + Level 2.0 Translocations
 + Level 2.0 Transmutations
 + Level 2.0 Fire Magic
 + Level 2.0 Ice Magic
 + Level 2.0 Air Magic
 + Level 2.0 Earth Magic
 + Level 2.0 Poison Magic
 + Level 2.7 Invocations
 + Level 2.4 Evocations


You had 10 spell levels left.
You didn't know any spells.
Your spell library contained the following spells:

 Spells                   Type           Power      Damage    Failure   Level
 Animate Dead             Necr           6%         N/A       71%         4
 Haunt                    Necr/Summ      3%         N/A       100%        7
 Infestation              Necr           3%         N/A       100%        8


Dungeon Overview and Level Annotations

Branches:
Dungeon (6/15)             Temple (0/1) D:6

Altars:
Ru
Wu Jian
Xom
Zin

Shops:
D:2 =   D:3 (


Innate Abilities, Weirdness & Mutations

You have very sharp teeth.
Your uncanny sense of smell can sniff out nearby items.
Your experience applies equally to all skills.


Message History

You hit the kobold.
You kill the kobold!
You hit the kobold.
The kobold is moderately wounded.
The kobold hits you with a +0 dagger.
* * * LOW HITPOINT WARNING * * *
You hit the kobold.
The kobold is heavily wounded.
You closely miss the kobold.
The kobold is heavily wounded.
The kobold barely misses you.
You closely miss the kobold.
The kobold is heavily wounded.
The kobold misses you.
You hit the kobold.
You kill the kobold!
You barely miss the kobold brigand.
The kobold brigand is lightly wounded.
You hit the kobold brigand.
The kobold brigand is moderately wounded.
The kobold brigand closely misses you.
You hit the kobold brigand but do no damage.
Your bite misses the kobold brigand.
The kobold brigand is moderately wounded.
The kobold brigand hits you with a +0 whip.
* * * LOW HITPOINT WARNING * * *
You hit the kobold brigand but do no damage.
The kobold brigand is moderately wounded.
The kobold brigand hits you with a +0 whip.
* * * LOW HITPOINT WARNING * * *
You hit the kobold brigand but do no damage.
The kobold brigand is moderately wounded.
You barely miss the kobold brigand. Your bite misses the kobold brigand.
The kobold brigand is moderately wounded.
The kobold brigand hits you with a +0 whip.
* * * LOW HITPOINT WARNING * * *
You are confused.
You feel invigorated.
The kobold brigand hits you with a +0 whip.
You die...

.#. .......## #
#...##...#...## #
#..#..#.#.....##
#.#....#..#...##
#..#....##.....###
#.....>..........#
#..##....#........
#.#..#....#......#
#######@...#.#..#....#..
#....KK#..#...##.....#..
.......K##.$..........##.
........##...##.......# .
..........######......# .
...[.....# #...... .
.........# . .........#
.........#


You could see a kobold brigand and 2 kobolds.

Vanquished Creatures
  Grinder (D:3)
  A phantom (D:6)
  A scorpion (D:4)
  A hound (D:5)
  An iguana (D:6)
  A gnoll (D:4)
  3 adders
  A white imp (D:5)
  2 worms
  3 dart slugs
  7 endoplasms
  8 giant cockroaches
  4 goblins
  5 hobgoblins
  5 jackals
  13 kobolds
  3 quokkas
  6 ball pythons
  4 bats
  5 frilled lizards
  8 rats
83 creatures vanquished.

Vanquished Creatures (others)
  A jackal (D:5)
1 creature vanquished.

Grand Total: 84 creatures vanquished

Notes
Turn   | Place    | Note
-------+----------+-------------------------------------------
     0 | D:1      | MisterFreud the Gnoll Brigand began the quest for the Orb.
     0 | D:1      | Reached XP level 1. HP: 20/20 MP: 1/1
   197 | D:1      | Reached XP level 2. HP: 26/26 MP: 2/2
   293 | D:1      | Reached XP level 3. HP: 17/31 MP: 3/3
   576 | D:1      | Reached skill level 1 in Invocations
  1135 | D:1      | Found a faded altar of an unknown god.
  1354 | D:2      | Found Deitom's Jewellery Shoppe.
  1403 | D:2      | Reached skill level 1 in Long Blades
  1403 | D:2      | Reached skill level 1 in Axes
  1403 | D:2      | Reached skill level 1 in Maces & Flails
  1403 | D:2      | Reached skill level 1 in Polearms
  1403 | D:2      | Reached skill level 1 in Staves
  1403 | D:2      | Reached skill level 1 in Ranged Weapons
  1403 | D:2      | Reached skill level 1 in Armour
  1403 | D:2      | Reached skill level 1 in Shields
  1403 | D:2      | Reached skill level 1 in Unarmed Combat
  1403 | D:2      | Reached skill level 1 in Spellcasting
  1403 | D:2      | Reached skill level 1 in Evocations
  1600 | D:2      | Reached XP level 4. HP: 13/38 MP: 5/5
  2174 | D:3      | Noticed Grinder
  2283 | D:3      | Killed Grinder
  2284 | D:3      | Reached skill level 5 in Fighting
  2284 | D:3      | Reached skill level 5 in Short Blades
  2284 | D:3      | Reached skill level 5 in Throwing
  2284 | D:3      | Reached skill level 8 in Stealth
  2284 | D:3      | Reached skill level 1 in Conjurations
  2284 | D:3      | Reached skill level 1 in Hexes
  2284 | D:3      | Reached skill level 1 in Summonings
  2284 | D:3      | Reached skill level 1 in Necromancy
  2284 | D:3      | Reached skill level 1 in Translocations
  2284 | D:3      | Reached skill level 1 in Transmutations
  2284 | D:3      | Reached skill level 1 in Fire Magic
  2284 | D:3      | Reached skill level 1 in Ice Magic
  2284 | D:3      | Reached skill level 1 in Air Magic
  2284 | D:3      | Reached skill level 1 in Earth Magic
  2284 | D:3      | Reached skill level 1 in Poison Magic
  2284 | D:3      | Reached XP level 5. HP: 40/44 MP: 5/8
  2284 | D:3      | Reached XP level 6. HP: 46/51 MP: 5/9
  2838 | D:3      | Found Suystry's Antique Weapon Shoppe.
  2936 | D:3      | Found a shimmering altar of Xom.
  2937 | D:3      | Found a sacrificial altar of Ru.
  2946 | D:3      | Became a worshipper of Ru the Awakened
  3342 | D:5      | Entered Level 5 of the Dungeon
  3691 | D:6      | Found an ornate altar of the Wu Jian Council.
  3707 | D:6      | Reached XP level 7. HP: 28/56 MP: 10/10
  3875 | D:6      | Found a glowing silver altar of Zin.
  3876 | D:6      | Noticed an angel
  3897 | D:6      | Found a staircase to the Ecumenical Temple.
  3943 | D:6      | HP: 1/56 [kobold brigand/+0 whip (4)]
  3944 | D:6      | Slain by a kobold brigand

Illustrated notes

Levels and vault maps discovered:
D:1:      wander_arrival_fairy_ring, layout_basic,
          ebering_ecumenical_altar_rust, minmay_worlds_worst_comb
D:2:      layout_loops_ring, serial_shops, shop
D:3:      layout_rooms, chequers_temple_overflow_statue_of_worship,
          serial_shops, nicolae_shop_crystal, uniq_grinder
D:4:      layout_basic
D:5:      layout_cave_pools, grunt_temple_overflow_open, serial_gnoll_camp,
          gnoll_camp_medium_01, gnoll_camp_mini_basic, gnoll_camp_mini_house,
          gnoll_camp_medium_02, gnoll_camp_mini_shop, uniq_sigmund
D:6:      layout_cave_pods, okawaru_ov_weapons_minmay,
          mainiacjoe_overflow_small_starburst, zin_angel,
          minmay_temple_entry_mini_moons

Skill      XL: |  1  2  3  4  5  6  7 |
---------------+----------------------+-----
Invocations    | 1 2 |  2.7
Long Blades    | 1 2 |  2.4
Axes           | 1 2 |  2.4
Maces & Flails | 1 2 |  2.4
Polearms       | 1 2 |  2.4
Staves         | 1 2 |  2.4
Ranged Weapons | 1 2 |  2.4
Armour         | 1 2 |  2.4
Shields        | 1 2 |  2.4
Unarmed Combat | 1 2 |  2.4
Spellcasting   | 1 2 |  2.4
Evocations     | 1 2 |  2.4
Fighting       | 5 |  5.2
Short Blades   | 5 |  5.2
Throwing       | 5 |  5.2
Dodging        | 3 |  3.6
Stealth        | 8 |  8.2
Conjurations   | 1 2 |  2.0
Hexes          | 1 2 |  2.0
Summonings     | 1 2 |  2.0
Necromancy     | 1 2 |  2.0
Translocations | 1 2 |  2.0
Transmutations | 1 2 |  2.0
Fire Magic     | 1 2 |  2.0
Ice Magic      | 1 2 |  2.0
Air Magic      | 1 2 |  2.0
Earth Magic    | 1 2 |  2.0
Poison Magic   | 1 2 |  2.0

Action                   |  1- 3 |  4- 6 |  7- 9 || total
-------------------------+-------+-------+-------++-------
Melee: Dagger            |   118 |   155 |    30 ||   303
       Bite              |     7 |    16 |     3 ||    26
       Punch             |     1 |     3 |       ||     4
Throw: Dart              |       |    13 |       ||    13
  Use: Scroll            |     3 |     3 |       ||     6
       Potion            |       |     4 |     1 ||     5
 Stab: Sleeping          |    11 |     8 |       ||    19
Armor: Robe              |    22 |    31 |     2 ||    55
Dodge: Dodged            |    54 |   149 |    19 ||   222
